 Dungeon Crawl Stone Soup version 0.21-a0-509-gecc5317 (webtiles) character file.

133 Dawnplanks the Grave Robber (level 4, -6/30 HPs)
             Began as a Demonspawn Necromancer on Nov 30, 2017.
             Killed from afar by an orc wizard (8 damage)
             ... with a puff of flame
             ... on level 3 of the Dungeon.
             The game lasted 00:14:02 (3197 turns).

Dawnplanks the Grave Robber (DsNe)                  Turns: 3197, Time: 00:14:04

Health: -6/30      AC:  4    Str:  9    XL:     4   Next: 94%
Magic:  1/8        EV: 12    Int: 17    God:
Gold:   84         SH:  0    Dex: 13    Spells: 0/9 levels left

rFire    . . .     SeeInvis .   h - +1 short sword (speed)
rCold    . . .     Gourm    .   (no shield)
rNeg     . . .     Faith    .   a - +0 robe
rPois    .         Spirit   .   (no helmet)
rElec    .         Reflect  .   (no cloak)
rCorr    +         Harm     .   o - +0 pair of gloves (curse)
MR       .....                  (no boots)
Stlth    ++........             d - amulet of rage
HPRegen  0.10/turn              e - ring of resist corrosion
MPRegen  0.11/turn              (no ring)

@: no status effects
A: rugged brown scales 1, demonic guardian 1, rot immunity
a: Evoke Berserk Rage


You were on level 3 of the Dungeon.
You were hungry.

You visited 1 branch of the dungeon, and saw 3 of its levels.

You collected 84 gold pieces.

Inventory:

Hand Weapons
 h - a +1 short sword of speed (weapon)
 i - a +0 short sword
Armour
 a - a +0 robe (worn)
 g - a +0 pair of gloves
 o - a cursed +0 pair of gloves (worn)
Jewellery
 d - an amulet of rage (around neck)
 e - a ring of resist corrosion (left hand)
Scrolls
 j - a scroll of teleportation {unknown}
 k - 5 scrolls of remove curse {unknown}
 l - a scroll of fog {unknown}
 m - 2 scrolls of identify {unknown}
 p - a scroll of enchant armour {unknown}
 s - a scroll of magic mapping {unknown}
Potions
 n - a potion of might {unknown}
 t - a potion of cancellation {unknown}
Books
 b - a book of Necromancy

   Spells                             Type                      Level
   a - Pain                           Necromancy                   1
   b - Animate Skeleton               Necromancy                   1
   c - Vampiric Draining              Necromancy                   3
   d - Regeneration                   Charms/Necromancy            3
   e - Animate Dead                   Necromancy                   4
   f - Control Undead                 Necromancy                   4
Comestibles
 c - 2 bread rations
 f - 2 royal jellies
 q - a meat ration
 r - 4 chunks of flesh


   Skills:
 - Level 2.2 Dodging
 - Level 2.2 Stealth
 - Level 0.5 Unarmed Combat
 + Level 3.0 Spellcasting
 + Level 5.6 Necromancy


You couldn't memorise any spells.
You knew the following spells:

 Your Spells              Type           Power        Failure   Level  Hunger
a - Pain                  Necr           ###.         1%          1    None
b - Vampiric Draining     Necr           ###.......   4%          3    ###....
c - Animate Skeleton      Necr           N/A          1%          1    None
d - Control Undead        Necr           ###.......   17%         4    ####...


Dungeon Overview and Level Annotations

Branches:
Dungeon (3/15)

Altars:
Wu Jian


Innate Abilities, Weirdness & Mutations

You are partially covered in rugged brown scales. (AC +1, +3% HP)
A weak demonic guardian rushes to your aid.
You are immune to rotting.


Message History

You closely miss the orc wizard.
The orc wizard is severely wounded.
The orc wizard hits you with a dagger.
* * * LOW HITPOINT WARNING * * *
Your adder skeleton closely misses the orc wizard.
You hit the orc wizard.
The orc wizard is almost dead.
The orc wizard barely misses you.
You barely miss the orc wizard.
The orc wizard is almost dead.
The orc wizard hits you but does no damage.
Your adder skeleton bites the orc wizard.
You hit the orc wizard but do no damage.
The orc wizard is almost dead.
The orc wizard hits you with a dagger.
* * * LOW HITPOINT WARNING * * *
Your adder skeleton closely misses the orc wizard.
The orc wizard casts a spell at you. The puff of flame hits you!
You die...

#.# #..... #.# #.....
.. #.####### ###.## .#.
#..##)).......###..# ..
#..#..........o...o.
.....#.####.....#...o#
#.#.##...####......###
.... # #.#.#......#
##..## #....
#.#...#@#......####
#... #.....Zo##.....#
..########...?.†.#
...###
.........#...)>.....###
.........#.%......###
.........#..........
.........#........#...
......<..#.......##...
.........#.......# .#


You could see an orc wizard and a friendly adder skeleton.

Vanquished Creatures
  An adder (D:2)
  3 gnolls (D:3)
  An ooze (D:3)
  A worm (D:2)
  5 dart slugs
  4 leopard geckos
  5 orcs (D:3)
  5 giant cockroaches
  5 hobgoblins (D:2)
  4 jackals (D:1)
  A ball python (D:3)
  5 bats
  A frilled lizard (D:2)
  7 goblins
  12 kobolds
  8 rats
  A bush (D:2)
69 creatures vanquished.

Vanquished Creatures (collateral kills)
  An orc (D:3)
1 creature vanquished.

Grand Total: 70 creatures vanquished

Notes
Turn   | Place    | Note
-------+----------+-------------------------------------------
     0 | D:1      | Dawnplanks the Demonspawn Necromancer began the quest for the Orb.
     0 | D:1      | Reached XP level 1. HP: 13/13 MP: 3/3
   230 | D:1      | Gained mutation: You are immune to rotting. [demonic ancestry]
   230 | D:1      | Reached XP level 2. HP: 17/19 MP: 1/5
   615 | D:1      | Reached skill level 5 in Necromancy
   959 | D:1      | Gained mutation: A weak demonic guardian rushes to your aid. [demonic ancestry]
   959 | D:1      | Reached XP level 3. HP: 22/24 MP: 2/6
  2001 | D:2      | Gained mutation: You are partially covered in rugged brown scales. (AC +1, +3% HP) [demonic ancestry]
  2001 | D:2      | Reached XP level 4. HP: 15/30 MP: 5/7
  2517 | D:2      | Found an ornate altar of the Wu Jian Council.
  2733 | D:3      | Learned a level 3 spell: Vampiric Draining
  2735 | D:3      | Learned a level 1 spell: Animate Skeleton
  3122 | D:3      | Learned a level 4 spell: Control Undead
  3197 | D:3      | Killed from afar by an orc wizard

Vault maps used:
D:1:      minmay_arrival_radiant_lines
D:2:      lemuel_coloured_pillars_altar, lexackson_kobold_supper
D:3:      nicolae_ru_the_path_less_chosen, lemuel_crystal_altar,
          minmay_misc_feat_x, uniq_grinder

Skill      XL: |  1  2  3  4 |
---------------+-------------+-----
Necromancy     | 5 |  5.6
Stealth        | 2 |  2.2
Dodging        | 2 |  2.2
Spellcasting   | 3 |  3.0
Unarmed Combat | |  0.5

Action                   |  1- 3 |  4- 6 || total
-------------------------+-------+-------++-------
Melee: Unarmed           |    21 |       ||    21
       Short sword       |    24 |   142 ||   166
 Cast: Pain              |    68 |    52 ||   120
       Animate Skeleton  |       |     3 ||     3
       Control Undead    |       |     2 ||     2
 Stab: Sleeping          |     2 |       ||     2
  Eat: Chunk             |     4 |     4 ||     8
Armor: Robe              |    13 |     7 ||    20
Dodge: Dodged            |    30 |    19 ||    49

Table legend:
 A = Spawn XP
 B = Non-spawn XP
 C = Spawn XP percentage of total XP
 D = Spawn monster count
 E = Non-spawn monster count
 F = Spawn count percentage of total count
 G = Total turns spent on level
                    A         B        C        D         E        F      G
               +---------+---------+-------+---------+---------+-------+---------
         Total |       0 |     191 |   0.0 |       0 |      69 |   0.0 |  3197
               +---------+---------+-------+---------+---------+-------+---------
           D:1 |       0 |      44 |   0.0 |       0 |      23 |   0.0 |  1244
           D:2 |       0 |      78 |   0.0 |       0 |      32 |   0.0 |  1418
           D:3 |       0 |      69 |   0.0 |       0 |      14 |   0.0 |   535
               +---------+---------+-------+---------+---------+-------+---------
